Map: Graystone Ravine

Players

Ekelpack - Winner!

  • Race: Zerg Zerg
  • Spawn Location: 11:00

Nyck - Winner!

  • Race: Terran Terran
  • League: Silver
  • Spawn Location: 9:00

postal

  • Race: Terran Terran
  • League: Platinum
  • Spawn Location: 5:00

эпсилон

  • Race: Protoss Protoss
  • Spawn Location: 3:00

VOD

Have the link to the VOD?

Description

Time

  • Played on: Oct. 23, 2024, 3:18 p.m.
  • Length: 19:22
Show
View Real Time Build Order
Export as new Build Order

Ekelpack Zerg - Winner!

Build Orders: Hatch First 

Get SALT Encoding   

  12  0:00  Drone  
  13  0:13  Overlord  
  13  0:18  Drone  
  14  0:32  Drone  
  15  0:48  Hatchery  
  15  0:49  Drone  
  15  0:54  Drone  
  16  1:07  Spawning Pool  
  16  1:10  Drone  
  16  1:14  Extractor  
  15  1:19  Drone  
  15  1:21  Drone  
  17  1:28  Drone  
  18  1:35  Drone  
  19  1:44  Drone  
  20  1:54  Queen  
  20  2:00  Queen  
  24  2:07  Overlord  
  24  2:10  Drone  
  24  2:13  Drone  
  26  2:18  Drone  
  26  2:20  Drone  
  28  2:28  Drone x2  
  30  2:33  Zergling x2  
  30  2:36  Metabolic Boost  
  31  2:46  Drone  
  31  2:50  Extractor  
  31  2:57  Drone  
  32  2:59  Lair  
  32  3:03  Drone  
  33  3:06  Drone x3  
  33  3:08  Overlord  
  33  3:12  Extractor x2  
  35  3:13  Drone x2  
  36  3:34  Queen  
  36  3:37  Drone x3  
  41  3:47  Drone x3  
  41  3:48  Overlord  
  44  3:59  Spire  
  44  4:01  Overlord  
  43  4:08  Drone x2  
  43  4:09  Drone x2, Overlord x2  
  47  4:56  Overlord  
  47  5:15  Mutalisk  
  47  5:16  Mutalisk x7  
  47  5:17  Mutalisk x4  
  71  5:27  Pneumatized Carapace  
  71  5:46  Hatchery  
  70  6:02  Drone  
  70  6:03  Drone x2, Infestation Pit  
  72  6:04  Evolution Chamber  
  72  6:06  Evolution Chamber  
  70  6:27  Zergling x2, Overlord x2  
  70  6:28  Zergling x12  
  70  6:29  Zergling x2  
  78  6:49  Mutalisk  
  78  6:50  Mutalisk x4  
  88  6:59  Zerg Melee Weapons Level 1  
  88  7:00  Hive, Zerg Ground Armor Level 1  
  88  7:07  Drone x3  
  91  7:11  Overlord  
  91  7:13  Mutalisk  
  91  7:38  Zergling x8  
  91  7:39  Zergling x12  
  91  7:40  Zergling x2  
  101  8:01  Overlord x2  
  101  8:02  Mutalisk x3  
  106  8:32  Drone  
  106  8:33  Drone x7  
  106  8:34  Drone x4  
  118  8:50  Overlord  
  118  8:51  Overlord  
  118  8:52  Ultralisk Cavern  
  117  8:56  Extractor  
  117  8:57  Zerg Melee Weapons Level 2, Extractor, Zerg Ground Armor Level 2  
  117  8:58  Adrenal Glands  
  89  9:29  Zergling x10  
  89  9:30  Zergling x12  
  89  9:31  Zergling x12  
  106  9:41  Chitinous Plating  
  106  9:51  Overlord  
  106  9:52  Overlord  
  106  9:55  Drone  
  107  10:06  Ultralisk x2  
  107  10:07  Ultralisk x3  
  109  10:17  Hatchery  
  87  10:45  Ultralisk x3  
  87  10:47  Zergling x4  
  87  10:48  Zergling x10  
  112  11:02  Ultralisk x2  
  112  11:03  Zergling x2  
  115  11:20  Ultralisk  
  115  11:21  Zergling x10  
  115  11:22  Zergling x2  
  119  11:35  Zerg Melee Weapons Level 3  
  118  12:00  Hatchery  
  117  12:04  Extractor  
  117  12:05  Extractor, Ultralisk  
  107  12:44  Corruptor  
  107  12:45  Corruptor x6  
  107  12:46  Corruptor x3  
  47  14:05  Drone  
  47  14:06  Drone x2  
  50  14:11  Drone  
  50  14:16  Drone x5  
  56  14:18  Zerg Ground Armor Level 3  
  56  14:19  Anabolic Synthesis  
  56  14:27  Zergling x2  
  56  14:28  Zergling x6  
  60  14:43  Zergling x6  
  60  14:44  Zergling x14  
  60  14:45  Zergling x12  
  75  14:46  Zergling x8  
  80  14:53  Drone  
  80  14:55  Drone x2  
  80  14:56  Drone  
  84  15:16  Zergling x10  
  84  15:17  Zergling x4  
  84  15:18  Queen  
  89  15:37  Overseer x2  
  89  15:48  Zergling x2, Ultralisk  
  89  15:49  Ultralisk x3  
  101  16:06  Zergling x2  
  101  16:07  Zergling x8  
  101  16:08  Zergling x14  
  101  16:09  Zergling x2  
  94  16:24  Zergling x2  
  94  16:25  Zergling x4  
  82  16:35  Zergling x2  
  82  16:36  Zergling x8  
  68  16:50  Zergling x4, Ultralisk  
  68  16:51  Zergling x4  
  78  17:15  Zergling x8  
  81  17:16  Zergling x2  
  76  17:35  Zergling x10  
  76  17:36  Zergling x8  
  84  17:50  Zergling x4  
  74  18:04  Zergling x8, Ultralisk  
  74  18:05  Zergling x2  
  74  18:20  Zergling x8, Ultralisk  
  74  18:21  Zergling x4  
  79  18:58  Zergling x10  
  79  18:59  Zergling x12  
  79  19:00  Zergling x2  
Show
View Real Time Build Order
Export as new Build Order

Nyck Terran - Winner!

Build Orders: Reaper Expand 

Get SALT Encoding   

  12  0:00  SCV  
  13  0:12  SCV  
  14  0:17  Supply Depot  
  14  0:24  SCV  
  15  0:39  SCV  
  15  0:41  Barracks  
  16  0:45  Refinery  
  16  0:51  SCV  
  17  1:03  SCV  
  18  1:16  SCV  
  19  1:29  Reaper  
  20  1:34  Command Center  
  20  1:40  Supply Depot  
  20  1:49  Orbital Command  
  20  2:09  Refinery  
  20  2:11  Factory  
  20  2:17  SCV  
  21  2:29  SCV  
  22  2:33  Marine  
  22  2:50  SCV  
  21  2:57  Marine  
  21  3:04  SCV  
  22  3:15  Marine  
  22  3:17  Orbital Command  
  21  3:24  Starport  
  21  3:26  Factory Tech Lab  
  21  3:32  Starport  
  21  3:33  Marine  
  22  3:36  SCV  
  23  3:44  SCV  
  24  3:48  SCV  
  25  3:56  SCV  
  25  3:59  Refinery  
  25  4:00  SCV  
  27  4:08  SCV  
  27  4:09  Starport Tech Lab, Factory Tech Lab  
  28  4:13  SCV  
  29  4:21  SCV  
  30  4:25  SCV  
  31  4:33  SCV  
  31  4:37  SCV  
  33  4:39  Refinery  
  33  4:45  SCV  
  34  4:49  SCV  
  34  4:51  Fusion Core  
  35  4:57  SCV  
  36  5:01  SCV  
  36  5:07  Command Center  
  37  5:09  SCV  
  37  5:10  Medivac  
  40  5:14  SCV  
  41  5:21  SCV  
  41  5:26  SCV  
  43  5:33  SCV  
  44  5:38  SCV  
  45  5:45  SCV  
  46  6:00  SCV x2, Marine  
  46  6:01  Supply Depot  
  49  6:11  Supply Depot  
  49  6:12  SCV x2  
  49  6:18  Marine, Battlecruiser x2  
  64  6:24  Supply Depot  
  64  6:27  Command Center  
  64  6:36  Marine  
  64  6:39  SCV x2  
  67  6:43  Factory Reactor  
  67  6:47  Supply Depot  
  67  6:48  Engineering Bay  
  67  6:51  SCV x2  
  67  6:53  Marine  
  70  7:04  SCV x2  
  72  7:11  Orbital Command  
  72  7:12  Supply Depot  
  72  7:16  SCV x2  
  72  7:17  Marine  
  75  7:28  SCV x2, Refinery  
  77  7:31  Factory Reactor  
  77  7:37  Supply Depot  
  77  7:38  SCV  
  77  7:40  SCV  
  77  7:41  SCV  
  80  7:50  SCV  
  81  7:52  SCV  
  81  7:53  SCV  
  83  8:00  Refinery  
  83  8:02  SCV  
  83  8:05  SCV  
  85  8:07  SCV  
  85  8:10  Battlecruiser  
  85  8:11  Viking x2  
  96  8:14  SCV  
  96  8:17  SCV  
  96  8:19  SCV  
  93  8:33  Supply Depot  
  93  8:40  Armory  
  93  8:42  Armory  
  93  8:46  Viking  
  93  8:47  Viking  
  97  8:52  Starport  
  97  8:56  SCV  
  97  8:57  Starport  
  97  8:59  Terran Infantry Armor Level 1  
  97  9:01  SCV  
  97  9:02  SCV  
  101  9:04  Orbital Command  
  101  9:08  SCV  
  101  9:14  SCV x2, Battlecruiser  
  109  9:35  Viking x2  
  113  10:01  SCV x2  
  113  10:02  SCV x2  
  114  10:23  Command Center  
  83  10:36  Viking x2  
  83  10:37  Banshee  
  65  10:49  Hellion x2  
  64  11:13  Marine  
  64  11:15  Hellion x2  
  69  11:20  Banshee  
  69  11:22  SCV x2  
  69  11:23  Viking  
  69  11:24  Viking  
  78  11:35  Planetary Fortress  
  78  11:41  SCV x2  
  80  11:48  Marine  
  81  11:56  Viking x2  
  81  11:57  Viking x2  
  89  12:03  Terran Vehicle And Ship Armor Level 1, Battlecruiser  
  89  12:06  Marine  
  89  12:08  SCV x2  
  98  12:20  SCV x2  
  100  12:26  Viking x2  
  100  12:27  Viking x2  
  100  12:28  Command Center  
  108  12:30  Marine  
  108  12:33  Hellbat  
  108  12:34  Hellbat  
  108  12:36  SCV x2  
  102  13:22  SCV  
  102  13:28  Viking  
  102  13:29  SCV, Marine, Viking x2  
  102  13:31  Hellbat  
  102  13:32  Hellbat  
  101  13:47  Marine  
  100  13:50  Battlecruiser x2  
  100  13:53  Hellbat x2  
  116  13:57  Terran Ship Weapons Level 1  
  116  14:00  SCV  
  117  14:04  Orbital Command  
  117  14:07  Refinery  
  117  14:09  Refinery  
  117  14:15  Supply Depot  
  117  14:25  Terran Vehicle And Ship Armor Level 2  
  117  14:36  SCV x2, Hellbat x2, Viking  
  117  14:38  Supply Depot  
  125  14:55  SCV  
  125  14:59  Battlecruiser, Viking  
  133  15:00  Supply Depot  
  133  15:21  SCV, Marine, Battlecruiser  
  133  15:23  Supply Depot  
  133  15:24  SCV, Liberator  
  137  15:29  Battlecruiser  
  137  15:30  Viking  
  141  15:44  SCV x2, Marine  
  142  16:00  Viking  
  142  16:02  Marine  
  142  16:03  Viking  
  128  16:07  Viking  
  93  16:20  Marine  
  90  16:26  Battlecruiser  
  90  16:30  Viking  
  92  16:33  Battlecruiser, Viking  
  92  16:37  Marine  
  87  16:55  Marine  
  87  16:58  Viking  
  90  17:03  Banshee  
  90  17:04  SCV  
  94  17:10  Hellbat x2  
  94  17:13  Marine  
  99  17:16  SCV  
  98  17:28  SCV  
  98  17:29  Banshee  
  95  17:31  Marine, Hellbat x2  
  95  17:37  Banshee  
  102  17:40  SCV  
  102  17:46  Banshee  
  102  17:49  Marine  
  103  17:52  Hellbat  
  103  17:53  SCV, Hellbat  
  102  18:06  Marine  
  102  18:12  Banshee  
  103  18:14  Hellbat x2  
  103  18:17  SCV  
  103  18:19  Banshee  
  111  18:24  Marine  
  110  18:29  SCV, Banshee  
  111  18:35  Hellbat  
  111  18:36  Hellbat  
  115  18:41  SCV  
  115  18:42  Marine  
  117  18:54  SCV  
  118  18:56  Hellbat  
  118  18:57  Hellbat  
  118  19:00  Marine  
  126  19:06  SCV  
Show
View Real Time Build Order
Export as new Build Order

postal Terran 

Build Orders:  

Get SALT Encoding   

  12  0:00  SCV  
  13  0:12  SCV  
  14  0:24  SCV  
  14  0:25  Supply Depot  
  15  0:46  SCV  
  15  0:48  Barracks  
  16  0:50  Refinery  
  16  0:58  SCV  
  17  1:11  SCV  
  18  1:23  SCV  
  19  1:35  SCV, Reaper  
  21  1:43  Command Center  
  21  1:48  Orbital Command  
  21  1:52  Refinery  
  21  2:07  Supply Depot, Barracks Reactor  
  21  2:14  SCV  
  21  2:44  Barracks  
  21  2:46  SCV  
  21  2:48  Marine x2  
  24  3:02  SCV  
  25  3:14  SCV  
  25  3:15  Marine  
  25  3:16  Marine  
  28  3:31  Barracks Tech Lab  
  28  3:33  Marine x2  
  29  3:37  Factory  
  29  3:39  SCV x2  
  31  3:47  Engineering Bay  
  31  3:51  SCV x2, Marine x2, Stimpack  
  31  3:52  Marine  
  36  4:09  Marine x2  
  38  4:15  Barracks  
  38  4:16  Terran Infantry Weapons Level 1  
  38  4:17  Marine  
  38  4:19  SCV  
  38  4:20  SCV  
  38  4:23  Refinery  
  41  4:24  Refinery  
  41  4:25  Factory Tech Lab  
  41  4:27  Marine  
  42  4:31  SCV  
  42  4:32  SCV  
  42  4:33  Starport  
  44  4:44  SCV  
  45  4:45  Orbital Command  
  45  4:54  Supply Depot  
  45  5:02  Marine  
  45  5:04  Supply Depot  
  45  5:06  Barracks Tech Lab  
  46  5:16  SCV, Siege Tank  
  46  5:19  Starport Reactor  
  50  5:26  Marine x2  
  50  5:27  SCV  
  50  5:28  SCV  
  54  5:36  Engineering Bay  
  54  5:41  SCV x2  
  56  5:53  Missile Turret  
  56  5:56  Missile Turret  
  56  5:59  SCV x2  
  56  6:03  Missile Turret x2  
  58  6:05  Medivac x2  
  58  6:06  Marine x3  
  65  6:11  SCV  
  66  6:26  Siege Tank  
  66  6:32  SCV  
  70  6:36  Command Center  
  70  6:38  Supply Depot, SCV  
  71  6:40  Supply Depot  
  71  6:44  SCV  
  72  6:54  Terran Infantry Armor Level 1  
  72  6:59  SCV x2, Marine x4  
  78  7:02  Supply Depot  
  78  7:03  Armory  
  78  7:12  SCV x2  
  80  7:27  Marine x4  
  84  7:34  Medivac x2  
  88  7:45  Marine x3  
  91  7:56  SCV x2  
  93  8:02  Marine  
  93  8:03  Marine  
  93  8:04  Viking x2  
  93  8:05  Siege Tank  
  102  8:08  SCV x2  
  104  8:20  SCV  
  90  8:30  Terran Infantry Weapons Level 2  
  90  8:31  Marine x3  
  90  8:32  Marine  
  91  8:34  SCV x2  
  92  8:43  SCV  
  92  8:46  SCV x2  
  95  8:50  Supply Depot  
  95  8:51  Supply Depot  
  95  8:52  Missile Turret  
  95  8:56  SCV  
  95  9:01  Terran Ship Weapons Level 1  
  95  9:02  Terran Infantry Armor Level 2  
  96  9:04  SCV  
  96  9:05  SCV, Starport  
  96  9:06  Starport  
  96  9:08  SCV, Starport  
  99  9:13  Missile Turret  
  99  9:17  SCV x2  
  100  9:20  SCV  
  102  9:29  SCV, Marine  
  102  9:30  Marine x3  
  107  9:31  Viking  
  107  9:32  Viking  
  107  9:35  Missile Turret  
  111  9:44  Starport Tech Lab  
  111  9:45  Starport Tech Lab  
  111  9:46  Starport Tech Lab  
  111  9:47  Marine  
  111  9:48  Supply Depot  
  111  9:49  Supply Depot  
  112  9:55  Planetary Fortress  
  112  9:58  Missile Turret, Refinery  
  112  9:59  Refinery  
  101  10:20  Marine x2  
  101  10:21  Marine x2  
  88  10:34  Medivac x2  
  92  10:38  Marine x3  
  92  10:39  Marine  
  96  10:55  Barracks x2  
  96  10:56  Barracks  
  96  10:58  Liberator x2  
  96  10:59  Liberator  
  96  11:03  Siege Tank  
  108  11:12  Marine  
  108  11:13  Marauder x2  
  108  11:15  Terran Ship Weapons Level 2  
  110  11:35  Marauder x2  
  110  11:36  Command Center  
  110  11:39  Command Center  
  110  11:40  Medivac x2  
  110  11:41  Marine x2, Liberator, Medivac  
  121  11:55  Liberator  
  121  11:56  Marauder x2  
  121  11:58  Siege Tank, Marine  
  121  11:59  Marine  
  133  12:09  Liberator  
  133  12:10  Medivac  
  133  12:11  Medivac  
  140  12:16  Marine  
  141  12:28  Supply Depot, Terran Infantry Armor Level 3, Terran Infantry Weapons Level 3  
  141  12:29  Supply Depot  
  141  12:30  Supply Depot  
  141  12:35  Armory  
  141  12:47  Marine x2, Cyclone  
  141  12:48  Marauder x2  
  146  13:05  Marine  
  146  13:09  Marauder x2  
  146  13:11  Orbital Command  
  151  13:15  Command Center  
  154  13:20  Siege Tank  
  152  13:29  Sensor Tower  
  152  13:31  Marauder x2  
  116  13:44  Marine x2  
  100  13:49  Missile Turret  
  100  13:51  Marine x2  
  102  13:56  Marine x3  
  102  13:59  Planetary Fortress  
  102  14:00  SCV x2  
  102  14:01  SCV x2  
  102  14:02  Marine x2  
  108  14:09  Marine x2  
  110  14:10  Missile Turret  
  110  14:12  SCV  
  110  14:13  SCV x2  
  110  14:14  Marine  
  114  14:19  SCV  
  115  14:24  Marine x3  
  115  14:25  SCV x2, Marine  
  115  14:26  Viking x3  
  115  14:27  Marine x2, Viking x2  
  115  14:29  Missile Turret  
  133  14:32  Marine  
  133  14:37  Terran Vehicle And Ship Armor Level 1  
  134  14:39  Terran Ship Weapons Level 3  
  134  14:42  Marine x2  
  134  14:44  Refinery  
  136  14:45  Refinery  
  136  14:56  Medivac x2, Viking x2  
  136  14:57  Medivac  
  146  15:04  Missile Turret  
  146  15:13  Marine  
  146  15:14  Marine x5  
  147  15:15  Marine  
  153  15:25  Missile Turret  
  153  15:26  Medivac x2, Viking x2  
  161  15:31  Marine x2  
  161  15:32  Marine x3  
  161  15:33  Marauder x2  
  170  15:54  Marauder x2  
  174  16:00  Marine x4  
  154  16:16  Marauder x2  
  149  16:30  Marine x4  
  149  16:31  Marine  
  154  16:33  Medivac x2, Viking x3  
  154  16:37  Marauder x2  
  135  16:48  Marine  
  135  16:54  Marine x4  
  134  16:58  Marauder x2  
  142  17:02  Medivac  
  142  17:03  Liberator, Viking x2  
  142  17:08  SCV x4  
  155  17:12  Marine x2  
  157  17:17  Planetary Fortress  
  157  17:20  SCV, Marauder x2  
  134  17:38  Marine x4  
  134  17:41  Marauder x2  
  121  17:52  Marine  
  121  17:54  Viking  
  121  17:56  Marine  
  119  18:03  Marauder  
  108  18:17  Marine x3  
  103  18:24  Marauder  
  86  18:34  Liberator  
  86  18:35  Liberator x2, Marine x3  
  95  18:45  Marine  
Show
View Real Time Build Order
Export as new Build Order

эпсилон Protoss 

Build Orders: 1 Gate Expand 

Get SALT Encoding   

  12  0:00  Probe (Chrono Boost)  
  13  0:09  Probe (Chrono Boost)  
  14  0:22  Probe, Pylon  
  15  0:40  Probe  
  15  0:42  Gateway  
  16  0:52  Probe  
  17  1:10  Nexus  
  17  1:14  Probe  
  18  1:19  Assimilator  
  18  1:31  Cybernetics Core  
  18  1:33  Probe (Chrono Boost)  
  18  1:39  Assimilator  
  19  1:43  Probe (Chrono Boost)  
  20  1:57  Gateway  
  20  2:02  Probe  
  21  2:09  Warp Gate (Chrono Boost)  
  21  2:11  Pylon  
  21  2:15  Probe  
  22  2:22  Stalker  
  24  2:24  Probe (Chrono Boost)  
  25  2:35  Probe (Chrono Boost)  
  27  2:37  Probe (Chrono Boost)  
  27  2:39  Probe (Chrono Boost)  
  27  2:44  Stalker  
  30  2:48  Probe  
  30  2:50  Probe  
  31  3:00  Probe  
  32  3:14  Probe x2  
  34  3:26  Probe (Chrono Boost)  
  34  3:27  Probe (Chrono Boost)  
  36  3:35  Sentry x2  
  36  3:36  Probe x2 (Chrono Boost)  
  42  3:41  Probe x2 (Chrono Boost)  
  42  3:42  Assimilator  
  42  3:43  Assimilator  
  42  3:46  Pylon  
  44  3:52  Probe x2  
  46  3:58  Pylon  
  46  4:04  Pylon  
  46  4:05  Probe  
  47  4:10  Shield Battery, Probe  
  49  4:17  Probe  
  49  4:18  Robotics Facility  
  49  4:21  Twilight Council  
  49  4:22  Probe  
  50  4:29  Probe  
  51  4:34  Shield Battery  
  51  4:35  Probe  
  52  4:47  Stalker x2  
  52  4:48  Shield Battery  
  56  4:53  Gateway  
  56  4:54  Gateway  
  56  4:55  Blink (Chrono Boost)  
  56  4:56  Gateway  
  56  5:06  Immortal  
  60  5:20  Stalker x2  
  64  5:28  Pylon  
  64  5:32  Forge  
  64  5:33  Forge  
  64  5:44  Stalker x2  
  64  5:45  Observer  
  69  6:05  Stargate  
  69  6:08  Stargate  
  69  6:09  Photon Cannon  
  66  6:21  Stalker x2  
  66  6:22  Stalker x3  
  76  6:32  Observer  
  77  6:50  Observer, Protoss Ground Weapons Level 1 (Chrono Boost)  
  77  6:51  Protoss Ground Armor Level 1 (Chrono Boost)  
  78  6:55  Pylon  
  78  6:58  Pylon  
  78  6:59  Pylon  
  78  7:06  Immortal  
  78  7:15  Void Ray  
  90  7:59  Stalker x2  
  90  8:01  Void Ray  
  94  8:21  Immortal  
  98  8:28  Pylon  
  98  8:30  Pylon  
  98  8:43  Photon Cannon  
  98  8:44  Photon Cannon  
  98  8:46  Photon Cannon  
  98  8:48  Shield Battery x2  
  98  8:51  Shield Battery  
  98  8:55  Protoss Ground Weapons Level 2  
  98  8:59  Observer  
  103  9:05  Void Ray  
  95  9:19  Protoss Air Weapons Level 1  
  83  9:28  Stalker  
  83  9:29  Stalker x4  
  85  9:35  Protoss Ground Armor Level 2 (Chrono Boost)  
  85  9:43  Observer  
  86  9:57  Stalker x2  
  86  9:58  Stalker  
  80  11:03  Immortal  
  80  11:07  Void Ray  
  84  11:24  Protoss Shields Level 1 (Chrono Boost)  
  60  11:27  Protoss Air Armor Level 1  
  60  11:31  Stalker x2  
  60  11:32  Stalker x3  
  66  11:46  Void Ray, Immortal (Chrono Boost)  
  66  11:49  Stargate  
  74  12:05  Protoss Ground Weapons Level 3 (Chrono Boost)  
  74  12:07  Zealot x5  
  84  12:09  Observer  
  84  12:42  Stalker x4  
  84  12:43  Stalker  
  90  12:51  Void Ray  
  70  13:16  Stalker x5  
  68  13:40  Immortal  
  68  13:41  Stalker  
  68  13:42  Stalker x3  
  68  13:45  Void Ray (Chrono Boost)  
  70  14:03  Stalker  
  70  14:05  Stalker x3  
  70  14:06  Stalker  
  80  14:11  Gateway  
  80  14:15  Gateway  
  84  14:18  Void Ray (Chrono Boost)  
  84  14:20  Immortal  
  88  14:24  Protoss Ground Armor Level 3 (Chrono Boost)  
  88  14:25  Pylon  
  88  14:28  Pylon  
  88  14:46  Robotics Bay  
  88  14:49  Robotics Facility  
  88  14:57  Observer  
  88  15:09  Stalker x4  
  88  15:10  Stalker x2  
  91  15:43  Nexus  
  95  15:53  Void Ray  
  62  16:04  Stalker  
  62  16:05  Stalker  
  57  16:33  Nexus  
  33  17:10  Stalker x5  
  33  17:11  Stalker  
  49  17:19  Void Ray  
  36  17:56  Stalker  
  36  17:57  Stalker  
Tags
 
Add a new tag
Caveats
  • Supply blocks, unpowered buildings, or Contaminate may cause inaccurate times.
  • Supply counts are checked every 10 seconds.